 Dungeon Crawl Stone Soup version 0.31-a0-840-g6d2ecbb638 (webtiles) character file.

Game seed: 14128669233292127699

145 BinkBink the Shooter (level 5, -7/31 HPs)
             Began as a Kobold Hexslinger on Sept 27, 2023.
             Mangled by a gnoll bouda
             ... wielding a +0 whip
              (9 damage)
             ... on level 3 of the Dungeon.
             The game lasted 00:13:39 (4926 turns).

BinkBink the Shooter (Kobold Hexslinger)            Turns: 4926, Time: 00:13:42

Health: -7/31      AC:  3    Str:  4 (6)  XL:     5   Next: 53%
Magic:  5/5        EV: 16    Int: 13 (14) God:
Gold:   113        SH:  5    Dex: 18 (19) Spells: 3/6 levels left

rFire   + + .        e - +3 sling of Capital Punishment {antimagic, rF+ rC+}
rCold   + . .        (no shield)
rNeg    . . .        c - +1 robe
rPois   .            (no helmet)
rElec   .            (no cloak)
rCorr   .            (no gloves)
SInv    .            (no boots)
Will    .....        g - amulet of reflection
Stlth   +++          d - ring of protection from fire
HPRegen 0.25/turn    n - ring of magical power
MPRegen 0.09/turn

%: reflection
@: no status effects
A: small, no large weapons, nightstalker 3, sturdy frame 1
a: no special abilities


You were on level 3 of the Dungeon.
You visited 1 branch of the dungeon, and saw 4 of its levels.

You collected 308 gold pieces.
You spent 195 gold pieces at shops.

Inventory:

Hand Weapons
 a - a +2 sling
 e - the +3 sling of Capital Punishment (weapon) {antimagic, rF+ rC+}
   (You bought it in a shop on level 1 of the Dungeon)

   rF+:       It protects you from fire.
   rC+:       It protects you from cold.
Missiles
 o - a throwing net
Armour
 c - a +1 robe (worn)
 u - a +0 helmet
Jewellery
 d - a ring of protection from fire (left hand)
 g - an amulet of reflection (around neck)
 n - a ring of magical power (right hand)
Scrolls
 f - 2 scrolls of amnesia
 i - 2 scrolls of immolation
 p - 2 scrolls of vulnerability
 r - 2 scrolls of identify
Potions
 h - a potion of enlightenment


   Skills:
 + Level 2.6 Fighting
 + Level 4.0 Ranged Weapons
 + Level 3.6 Dodging
 + Level 3.0 Stealth
 + Level 1.4 Spellcasting
 - Level 3.0 Hexes
 + Level 0.7 Summonings
 - Level 1.0 Fire Magic


You had 3 spell levels left.
You knew the following spells:

 Your Spells              Type           Power      Damage    Failure   Level
a - Call Canine Familiar  Summ           2%         N/A       52%         3

Your spell library contained the following spells:

 Spells                   Type           Power      Damage    Failure   Level
 Jinxbite                 Hex            16%        N/A       12%         2
 Summon Small Mammal      Summ           8%         N/A       21%         1
 Sigil of Binding         Hex            8%         N/A       24%         3
 Inner Flame              Hex/Fire       6%         N/A       34%         3
 Summon Guardian Golem    Hex/Summ       5%         N/A       36%         3
 Static Discharge         Conj/Air       0%         2-2/arc   38%         2
 Cause Fear               Hex            4%         N/A       61%         4
 Dimensional Bullseye     Hex/Tloc       2%         N/A       82%         4
 Summon Lightning Spire   Summ/Air       1%         N/A       93%         4
 Airstrike                Air            0%         2d(0-16)  95%         4


Dungeon Overview and Level Annotations

Branches:
Dungeon (4/15)
 Temple: D:4-7

Altars:
Yredelemnul

Shops:
D:1 (?(

Annotations:
D:3 1 transporter, nms23's ghost, amateur DsCj
D:4 Grinder, Pikel, Sigmund


Innate Abilities, Weirdness & Mutations

You are small and have problems with some larger weapons.
You are completely attuned to the shadows.
Your movements are slightly less encumbered by armour. (ER -2)


Message History

You shoot a sling bullet.
The sling bullet closely misses the gnoll.
The sling bullet hits the gnoll.
The gnoll is moderately wounded.
The gnoll misses you. x2
Fire: e) +3 sling of Capital Punishment {antimagic, rF+ rC+}
Press: ? - help, Q - select action, (/) - cycle Shift-Dir - straight line, f - gnoll, p - gnoll
Aim: a gnoll, wielding a +2 heavy halberd and wearing an amulet of guardian spirit (covering ground quickly, 69% to hit)
You shoot a sling bullet.
The sling bullet closely misses the gnoll bouda.
The sling bullet closely misses the gnoll. x2
The gnoll barely misses you.
The gnoll bouda barks out a call to the hunt!
The gnoll picks up the pace!
You block the gnoll's attack. The gnoll closely misses you.
The gnoll bouda closely misses you. You block the gnoll's attack.
Okay, then.
As you read the scroll of immolation, it crumbles to dust.
The creatures around you are filled with an inner flame!
The gnoll hits you from afar with a +2 heavy halberd!
* * * LOW HITPOINT WARNING * * *
The gnoll barely misses you. The gnoll bouda barely misses you.
You block the gnoll's attack.
You feel better.
The gnoll hits you from afar with a +0 spear of pain.
The gnoll closely misses you.
The gnoll bouda hits you with a +0 whip.
* * * LOW HITPOINT WARNING * * *
The gnoll completely misses you.
The air fills with toxic fumes!
As you read the scroll of poison, it crumbles to dust.
The gnoll barely misses you. The gnoll bouda closely misses you.
The gnoll misses you.
As you read the scroll of immolation, it crumbles to dust.
The creatures around you are filled with an inner flame!
The gnoll misses you.
The gnoll hits you from afar with a +0 spear of pain!
* * * LOW HITPOINT WARNING * * *
The gnoll bouda hits you with a +0 whip!
You die...

#..≈≈.##.'...'.##.≈≈.....
#..≈≈.#).#...#gg#.≈≈.####
#..≈≈.##.##g##.##.≈≈.#
#..≈≈..#.#...#.#.....#
#..~~.©#gg.©.'.#©....#
##.≈≈..#W#8⌠8#.#.....#
#[≈≈.##g#####.##.≈≈.##
#.≈≈.#§g#.:[#..#.≈≈..#
#.≈≈.##@#...#.##.≈≈..#
#.≈≈..#g#...#.#..≈≈..###
#.≈≈###g##'##.###≈≈.....
#.≈≈#.§gg. .? .#≈≈.##..
#.≈≈##§### # ##≈≈.##.#
##.≈≈#..#8###8#..#≈≈.##.#
#..≈≈####.....####≈≈.##.#
#..≈≈≈≈≈≈≈≈~≈≈≈≈≈≈≈≈.##.#
#..≈≈≈≈≈≈≈≈~≈≈≈≈≈≈≈≈.##..


You could see a gnoll bouda (inner flame), nms23's ghost (inner flame) and 7
gnolls.

Vanquished Creatures
  A scorpion (D:3)
  4 adders
  A worm (D:2)
  2 orcs
  5 endoplasms
  9 goblins
  6 hobgoblins
  3 jackals (D:3)
  5 kobolds
  2 ball pythons
  2 bats
  A frilled lizard (D:2)
  2 rats
43 creatures vanquished.

Notes
Turn   | Place    | Note
-------+----------+-------------------------------------------
     0 | D:1      | BinkBink the Kobold Hexslinger began the quest for the Orb.
     0 | D:1      | Reached XP level 1. HP: 12/12 MP: 2/2
   286 | D:1      | Found Fuhiraov's Magic Scroll Emporium.
   291 | D:1      | Bought a scroll of identify for 20 gold pieces
   303 | D:1      | Found Huwop's Antique Weapon Shoppe.
   349 | D:1      | Found Beanolig's Weapon Emporium.
   589 | D:1      | Reached XP level 2. HP: 16/16 MP: 3/3
   912 | D:2      | Reached skill level 3 in Ranged Weapons
   912 | D:2      | Reached skill level 1 in Stealth
  1152 | D:2      | Reached XP level 3. HP: 21/21 MP: 4/4
  1614 | D:3      | Reached XP level 4. HP: 24/26 MP: 5/5
  2346 | D:3      | Found a transporter.
  2422 | D:3      | Found a transporter.
  2559 | D:4      | Noticed a scorpion
  2560 | D:4      | Noticed a lemure
  2788 | D:4      | Learned a level 3 spell: Call Canine Familiar
  2825 | D:4      | Noticed a lemure
  3002 | D:4      | Noticed Grinder
  3023 | D:4      | Noticed a lemure
  3023 | D:4      | Noticed Pikel
  3064 | D:4      | Noticed a lemure
  3122 | D:4      | Found a basalt altar of Yredelemnul.
  3252 | D:4      | Noticed Sigmund
  3326 | D:4      | Paralysed by Grinder for 3 turns
  3332 | D:4      | Paralysed by Grinder for 3 turns
  3345 | D:4      | Paralysed by Grinder for 5 turns
  3366 | D:4      | Paralysed by Grinder for 4 turns
  3471 | D:3      | Gained mutation: Your movements are slightly less
                  | encumbered by armour. (ER -2) [potion of mutation]
  4569 | D:3      | Killed a scorpion
  4570 | D:3      | Reached skill level 4 in Ranged Weapons
  4570 | D:3      | Reached XP level 5. HP: 31/31 MP: 7/7
  4631 | D:4      | Paralysed by Grinder for 5 turns
  4845 | D:1      | Bought a polished sling for 175 gold pieces
  4845 | D:1      | Identified the +3 sling of Capital Punishment {antimagic,
                  | rF+ rC+} (You bought it in a shop on level 1 of the
                  | Dungeon)
  4911 | D:3      | Noticed nms23's ghost (amateur DsCj)
  4926 | D:3      | Mangled by a gnoll bouda

Illustrated notes

Levels and vault maps discovered:
D:1:      tarquinn_simple_flora_water_e, layout_loops_ring, serial_shops,
          shop_statue, shop, nicolae_diamond_shop, hangedman_decor_points
D:2:      layout_rooms, serial_glass, glass_columns_b, glass_columns_a,
          glass_columns_a, glass_columns_c, glass_columns_b, glass_columns_c,
          glass_columns_a, glass_columns_b
D:3:      layout_loops_corners, gammafunk_ghost_gnarly_gnolls
D:4:      layout_basic, yredelemnul_altar_generic, uniq_pikel, uniq_grinder,
          uniq_sigmund

Skill      XL: |  1  2  3  4 |
---------------+-------------+-----
Ranged Weapons | 3 4 |  4.0
Stealth        | 1 2 3 |  3.0
Dodging        | 3 |  3.6
Fighting       | 2 |  2.6
Spellcasting   | |  1.4
Hexes          | |  3.0
Summonings     | |  0.7
Fire Magic     | |  1.0

Action                     |  1- 3 |  4- 6 || total
---------------------------+-------+-------++-------
   Fire: Sling             |    80 |    99 ||   179
   Cast: Call Canine Famil |       |     1 ||     1
    Use: Potion            |     2 |     9 ||    11
         Scroll            |     1 |     9 ||    10
 Armour: Robe              |    17 |    37 ||    54
  Dodge: Dodged            |    35 |    77 ||   112
  Block: Other             |       |    13 ||    13

Table legend: (Time is in decaauts)
 A = Elapsed time spent in this place.
 B = Non-inter-level travel time spent in this place.
 C = Inter-level travel time spent in this place.
 D = Time resting spent in this place.
 E = Time spent auto-exploring this place.
 F = Levels seen in this place.
 G = Mean time per level.
                   A        B        C        D        E       F      G
               +--------+--------+--------+--------+--------+-----+--------+
         Total |   4973 |   4689 |    284 |   1044 |   2878 |   4 | 1243.2 |
       Dungeon |   4973 |   4689 |    284 |   1044 |   2878 |   4 | 1243.2 |
               +--------+--------+--------+--------+--------+-----+--------+

Top non-repeatable levels by time:
     D:3: 2596 daAuts
     D:1: 920 daAuts
     D:4: 815 daAuts
     D:2: 640 daAuts
